[Event "Titled Tuesday Blitz August 08 Early 2023"]
[White "JeRoma71"]
[Black "Pranesh M"]
[BlackFideId "35028600"]
[WhiteElo "2833"]
[BlackElo "3047"]
[Result "0-1"]
[Round "4"]
[TimeControl "180+1"]
[Date "2023.08.08"]
[WhiteClock "0:00:00"]
[BlackClock "0:00:06"]
[Board "5"]

1. Nf3 Nf6 2. g3 g6 3. Bg2 Bg7 4. O-O O-O 5. c4 c6 6. Nc3 d5 7. cxd5 cxd5 8. d4 Nc6 9. Bf4 Ne4 10. Rc1 Bf5 11. Ne5 Nxe5 12. Bxe5 Bxe5 13. dxe5 Nxc3 14. bxc3 e6 15. c4 dxc4 16. Qxd8 Raxd8 17. e4 Bg4 18. f3 b5 19. fxg4 Rd2 20. Rf2 Rfd8 21. Rc2 Rd1+ 22. Bf1 Rb1 23. Rfd2 Rxd2 24. Rxd2 c3 25. Rc2 b4 26. Kf2 a5 27. Bb5 Rd1 28. Ke3 Kg7 29. g5 Rd8 30. Bd3 a4 31. a3 b3 32. Rxc3 b2 33. Bc2 Rd1 34. Ke2 b1=Q 35. Bxb1 Rxb1 36. h4 h5 37. Kd3 Rb5 38. Kd4 Rb1 39. Re3 Rc1 40. Rd3 Rc7 41. Rc3 Rb7 42. Kc5 Rb1 43. Kc4 Rb7 44. Kc5 Rb3 45. Kd4 Rb1 46. Rc4 Rb3 47. Rxa4 Rxg3 48. Ra8 Rh3 49. a4 Rxh4 50. a5 Rh1 51. Kc5 h4 52. Rd8 h3 53. Rd2 h2 54. Rc2 Ra1 55. Rxh2 Rxa5+ 56. Kd6 Ra6+ 57. Ke7 Ra7+ 58. Ke8 Ra8+ 59. Ke7 Ra7+ 60. Ke8 Kg8 61. Rf2 Rb7 62. Rd2 Rb5 63. Ke7 Rxe5 64. Kf6 Rxe4 65. Rd8+ Kh7 66. Kxf7 Re5 67. Rd7 Rxg5 68. Kxe6+ Kh6 69. Rd8 Ra5 70. Rh8+ Kg5 71. Rh1 Rf5 72. Rg1+ Kh6 73. Rh1+ Kg7 74. Rg1 Rf8 75. Ke5 Rf2 76. Ke4 Kf6 77. Ke3 Rf5 78. Rg2 Kg7 79. Rg1 Rf8 80. Ke4 Rf5 81. Rg2 Kh6 82. Rh2+ Rh5 83. Rg2 Rf5 84. Rh2+ Kg5 85. Rg2+ Kf6 86. Rg1 g5 87. Ra1 Rf4+ 88. Ke3 Kf5 89. Rg1 g4 90. Ra1 Rf3+ 91. Ke2 Kf4 92. Ra8 Kg3 93. Rg8 Rf7 94. Ke1 Kh3 95. Rh8+ Kg2 96. Rg8 g3 97. Ke2 Re7+ 98. Kd2 Kh2 99. Rh8+ Kg1 100. Rf8 g2 101. Rh8 Re6 102. Kd3 Kf2 103. Rf8+ Kg1 104. Rh8 Re5 105. Kd4 Re7 106. Kd3 Re6 107. Kd2 Re5 108. Kd3 Kf2 109. Kd4 Rg5 110. Rf8+ Kg3 0-1


[Site "https://www.chess.com"]

[Event "Titled Tuesday Blitz August 08 Early 2023"]
[White "Lazavik, Denis"]
[Black "Pakleza, Zbigniew"]
[WhiteFideId "13515110"]
[BlackFideId "1119290"]
[WhiteElo "3042"]
[BlackElo "2826"]
[Result "1-0"]
[Round "4"]
[TimeControl "180+1"]
[Date "2023.08.08"]
[WhiteClock "0:00:06"]
[BlackClock "0:00:02"]
[Board "6"]

1. d4 d6 2. Nf3 Bg4 3. e4 Nf6 4. Nc3 e6 5. h3 Bh5 6. Qe2 c6 7. g4 Bg6 8. h4 h5 9. g5 Nfd7 10. d5 cxd5 11. exd5 e5 12. Bh3 Be7 13. O-O Na6 14. Be3 O-O 15. Ne1 Nac5 16. Ng2 f5 17. f4 Rc8 18. Rad1 e4 19. Nb5 Qa5 20. a3 Nd3 21. Nxa7 Nxb2 22. Nxc8 Rxc8 23. Rb1 Qxa3 24. Qb5 Rxc2 25. Qxd7 Rxg2+ 26. Kxg2 Nc4 27. Bd4 Qd3 28. Rbd1 Qe2+ 29. Kg1 Nd2 30. Qxe7 Nf3+ 31. Rxf3 Qxd1+ 32. Rf1 Qxd4+ 33. Kh2 Qd2+ 34. Bg2 e3 35. Qe6+ Kh7 36. Rf3 e2 37. Re3 e1=Q 38. Rxe1 Qxf4+ 39. Kg1 Qxh4 40. Qe3 b5 41. Rf1 f4 42. Qxf4 Qxf4 43. Rxf4 Bd3 44. Be4+ Bxe4 45. Rxe4 1-0


[Site "https://www.chess.com"]

[Event "Titled Tuesday Blitz August 08 Early 2023"]
[White "Rasulov, Vugar"]
[Black "Grischuk, Alexander"]
[WhiteFideId "13402390"]
[BlackFideId "4126025"]
[WhiteElo "2826"]
[BlackElo "3031"]
[Result "0-1"]
[Round "4"]
[TimeControl "180+1"]
[Date "2023.08.08"]
[WhiteClock "0:00:00"]
[BlackClock "0:00:04"]
[Board "7"]

1. d4 e6 2. c4 b6 3. Nf3 Bb7 4. g3 Bb4+ 5. Nc3 Bxc3+ 6. bxc3 Nf6 7. Bg2 O-O 8. O-O d6 9. Re1 h6 10. Bf1 c5 11. a4 Qc7 12. Nd2 Nc6 13. Bb2 e5 14. d5 Ne7 15. a5 Nh7 16. e4 f5 17. exf5 Nxf5 18. Ne4 Rae8 19. axb6 axb6 20. Bd3 Bc8 21. Qa4 Qd8 22. Qa8 Ng5 23. Nxg5 Qxg5 24. Bc1 Qg4 25. Be2 Qg6 26. Bd3 Qf6 27. Qa2 Ne7 28. Be3 Bf5 29. Bf1 Bg4 30. Rab1 Bf3 31. Rxb6 Rc8 32. Qa6 Nf5 33. Rc6 Ra8 34. Qb6 Nxe3 35. Rxd6 Qf5 36. Rxe3 Ra1 37. Rd8 Rxd8 38. Qxd8+ Kh7 39. Rxf3 Qxf3 40. Qh4 e4 41. Qf4 Qxf4 42. gxf4 Kg6 43. Kg2 Kf5 44. Be2 Kxf4 45. Bh5 Rc1 46. Bf7 Ke5 47. h4 Rxc3 0-1


[Site "https://www.chess.com"]

[Event "Titled Tuesday Blitz August 08 Early 2023"]
[White "Paravyan, David"]
[Black "Anuj Shrivatri"]
[WhiteFideId "4194985"]
[BlackFideId "35070924"]
[WhiteElo "3029"]
[BlackElo "2824"]
[Result "1-0"]
[Round "4"]
[TimeControl "180+1"]
[Date "2023.08.08"]
[WhiteClock "0:02:21"]
[BlackClock "0:01:13"]
[Board "8"]

1. e4 c6 2. d4 d5 3. e5 Bf5 4. Nf3 e6 5. Be2 Nd7 6. O-O a5 7. Nc3 h6 8. Rb1 Ne7 9. a4 Bh7 10. Bd3 Bxd3 11. cxd3 Ng6 12. g3 f6 13. h4 fxe5 14. h5 Ne7 15. Nxe5 Nxe5 16. dxe5 Nf5 17. Qg4 Qd7 18. Ne2 Bb4 19. Nf4 O-O-O 20. Ng6 Rhg8 21. Rd1 Qf7 22. Bd2 Bxd2 23. Rxd2 Ne7 24. Nxe7+ Qxe7 25. b4 axb4 26. Rxb4 Rd7 27. Rdb2 Rc7 28. a5 Kd7 29. Rxb7 1-0


[Site "https://www.chess.com"]

[Event "Titled Tuesday Blitz August 08 Early 2023"]
[White "Atakhan, Abtin"]
[Black "Aronian, Levon"]
[WhiteFideId "22502203"]
[BlackFideId "13300474"]
[WhiteElo "2823"]
[BlackElo "3024"]
[Result "0-1"]
[Round "4"]
[TimeControl "180+1"]
[Date "2023.08.08"]
[WhiteClock "0:00:00"]
[BlackClock "0:00:20"]
[Board "9"]

1. Nf3 g6 2. g3 Bg7 3. d4 Nf6 4. Bg2 O-O 5. O-O d6 6. c4 Nc6 7. Nc3 a6 8. d5 Na5 9. b3 b5 10. cxb5 axb5 11. Nd4 b4 12. Na4 Bd7 13. Rb1 Rb8 14. Bb2 e6 15. dxe6 fxe6 16. Ba1 c5 17. Nf3 Qe7 18. Nb2 Nd5 19. Nd3 Bb5 20. Bxg7 Kxg7 21. Qc2 Nc6 22. Ra1 Ra8 23. h4 h6 24. Nd2 Nd4 25. Qb2 Nc3 26. Bxa8 Rxa8 27. Rfe1 Qf6 28. Nc4 d5 29. Nce5 Ncxe2+ 30. Rxe2 Bxd3 31. Re3 Be4 32. f4 g5 33. hxg5 hxg5 34. Qf2 Rh8 35. Rxe4 dxe4 36. Rc1 Qh6 37. Kf1 Qh1+ 0-1


[Site "https://www.chess.com"]

[Event "Titled Tuesday Blitz August 08 Early 2023"]
[White "Martinez Alcantara, Jose Eduardo"]
[Black "Christiansen, Johan-Sebastian"]
[WhiteFideId "3805662"]
[BlackFideId "1512668"]
[WhiteElo "3020"]
[BlackElo "2817"]
[Result "1-0"]
[Round "4"]
[TimeControl "180+1"]
[Date "2023.08.08"]
[WhiteClock "0:00:12"]
[BlackClock "0:00:00"]
[Board "10"]

1. e4 e5 2. Nf3 Nc6 3. Nc3 Nf6 4. h3 d5 5. exd5 Nxd5 6. Bb5 Nxc3 7. bxc3 Bd6 8. O-O Bd7 9. Re1 O-O 10. Rb1 Re8 11. d4 exd4 12. Rxe8+ Qxe8 13. cxd4 Na5 14. Bd3 c5 15. Ng5 h6 16. Ne4 Bf8 17. Nxc5 Bc6 18. Bd2 b6 19. Nb3 Rd8 20. c3 Qe6 21. Qg4 Qd5 22. Bxh6 Nc4 23. Bf4 a5 24. Re1 a4 25. Nc1 Na5 26. Re5 Qd7 27. Qh4 g6 28. Bg5 Re8 29. Bf6 Bg7 30. Ne2 Rxe5 31. dxe5 Qxd3 32. Nf4 Qf5 33. Bxg7 Kxg7 34. Qg3 Qe4 35. Nh5+ Kf8 36. Nf6 Qe1+ 37. Kh2 Nc4 38. Ng4 Qe2 39. Qf4 Nd2 40. Qh6+ Ke7 41. Qg5+ Kd7 42. Qf6 Nf1+ 43. Kg1 Nd2 44. Qd6+ Ke8 45. Qxc6+ Kf8 46. Qd6+ Kg8 47. Kh2 Nf1+ 48. Kg1 Nd2 49. Qd8+ Kg7 50. Kh2 Nf1+ 51. Kg1 Nd2 52. Qf6+ Kf8 53. Ne3 Qe1+ 54. Kh2 Qe2 55. e6 1-0


[Site "https://www.chess.com"]

[Event "Titled Tuesday Blitz August 08 Early 2023"]
[White "Tabatabaei, M. Amin"]
[Black "Bauman_Guy"]
[WhiteFideId "12521213"]
[WhiteElo "3002"]
[BlackElo "2813"]
[Result "1-0"]
[Round "4"]
[TimeControl "180+1"]
[Date "2023.08.08"]
[WhiteClock "0:00:38"]
[BlackClock "0:00:00"]
[Board "11"]

1. b3 Nf6 2. Bb2 g6 3. Nf3 Bg7 4. g3 O-O 5. Bg2 d5 6. c4 c6 7. O-O Bg4 8. d3 Nbd7 9. Nbd2 Re8 10. h3 Bxf3 11. Nxf3 e6 12. Qc2 Nh5 13. d4 Nhf6 14. e3 b5 15. cxb5 cxb5 16. Rfc1 Rc8 17. Qd3 Qb6 18. Bf1 a6 19. a4 bxa4 20. Rxa4 a5 21. Rca1 Rb8 22. Nd2 Ne4 23. Nxe4 dxe4 24. Qxe4 Qxb3 25. Bc1 e5 26. Bc4 Qd1+ 27. Kg2 exd4 28. Bxf7+ Kxf7 29. Qd5+ Kf6 30. Bb2 Qb3 31. Qd6+ Qe6 32. Qxd4+ Ne5 33. Rxa5 Kf7 34. Ra6 Qf5 35. Qd5+ Re6 36. Rxe6 Qxe6 37. Ra7+ Kf6 38. Bxe5+ Qxe5 39. Rf7+ Kg5 40. f4+ 1-0


[Site "https://www.chess.com"]

[Event "Titled Tuesday Blitz August 08 Early 2023"]
[White "Mikhailovsky, Vladimir"]
[Black "Andreikin, Dmitry"]
[WhiteFideId "34105414"]
[BlackFideId "4158814"]
[WhiteElo "2812"]
[BlackElo "3001"]
[Result "1/2-1/2"]
[Round "4"]
[TimeControl "180+1"]
[Date "2023.08.08"]
[WhiteClock "0:00:27"]
[BlackClock "0:00:25"]
[Board "12"]

1. e4 c5 2. c3 d5 3. exd5 Qxd5 4. d4 Nf6 5. Nf3 g6 6. Na3 Bg7 7. Be3 cxd4 8. Bc4 Qh5 9. Nxd4 Ng4 10. Qa4+ Bd7 11. Qb3 O-O 12. Qxb7 Nxe3 13. fxe3 Bxd4 14. exd4 Bc6 15. Qc7 Bxg2 16. Rg1 Bd5 17. Bxd5 Qxd5 18. Qc4 Qh5 19. Qe2 Qh4+ 20. Qf2 Qe4+ 21. Qe2 Qh4+ 22. Qf2 Qh6 23. Qd2 Qh4+ 24. Qf2 1/2-1/2


[Site "https://www.chess.com"]

[Event "Titled Tuesday Blitz August 08 Early 2023"]
[White "Matlakov, Maxim"]
[Black "Fantastic_Power"]
[WhiteFideId "4168003"]
[WhiteElo "2992"]
[BlackElo "2795"]
[Result "1/2-1/2"]
[Round "4"]
[TimeControl "180+1"]
[Date "2023.08.08"]
[WhiteClock "0:00:02"]
[BlackClock "0:00:03"]
[Board "14"]

1. e4 c5 2. Nf3 Nc6 3. Bb5 g6 4. O-O Bg7 5. d3 e5 6. Bg5 Nge7 7. Nc3 O-O 8. Bc4 h6 9. Bxe7 Nxe7 10. a3 d6 11. b4 b6 12. Rb1 Kh7 13. Nd5 Be6 14. Ne3 Qd7 15. h3 f5 16. Bxe6 Qxe6 17. c4 g5 18. exf5 Nxf5 19. Nd2 Nxe3 20. fxe3 d5 21. bxc5 bxc5 22. cxd5 Qxd5 23. Qc2 Rxf1+ 24. Rxf1 Rd8 25. Nf3 Qxd3 26. Qxc5 e4 27. Nh2 Qe2 28. Ng4 Rd1 29. Qf5+ Kh8 30. a4 h5 31. Qc8+ Kh7 32. Qf5+ Kh8 33. Qc8+ Kh7 34. Nf6+ Bxf6 35. Qf5+ Kg8 36. Qe6+ Kh7 37. Qf5+ Kg8 38. Qg6+ Bg7 39. Qe8+ Kh7 40. Qxe4+ Kg8 41. Qe8+ Kh7 42. Qe4+ Kg8 43. Qe6+ Kh7 44. Qe4+ 1/2-1/2


[Site "https://www.chess.com"]

[Event "Titled Tuesday Blitz August 08 Early 2023"]
[White "Cherniaiev, Tykhon"]
[Black "Van Foreest, Jorden"]
[WhiteFideId "14182360"]
[BlackFideId "1039784"]
[WhiteElo "2779"]
[BlackElo "2989"]
[Result "1/2-1/2"]
[Round "4"]
[TimeControl "180+1"]
[Date "2023.08.08"]
[WhiteClock "0:00:05"]
[BlackClock "0:00:11"]
[Board "15"]

1. Nf3 Nc6 2. d4 d6 3. e4 Nf6 4. Bd3 Bg4 5. c3 e5 6. Be3 d5 7. Nbd2 exd4 8. cxd4 dxe4 9. Nxe4 Bb4+ 10. Nc3 Nd5 11. O-O O-O 12. Nxd5 Qxd5 13. h3 Bxf3 14. Qxf3 Qxf3 15. gxf3 Rad8 16. Rad1 Ne7 17. a3 Bd6 18. Kg2 Nd5 19. Be4 c6 20. Bxd5 cxd5 21. Rc1 f6 22. Rfe1 Kf7 23. Bd2 Rc8 24. Rxc8 Rxc8 25. Rc1 Re8 26. Re1 Rxe1 27. Bxe1 Bf4 28. Bc3 Ke6 29. a4 Kf5 30. b3 h5 31. Kf1 Bc1 32. Kg2 Kf4 33. Bb4 Bb2 34. Bd2+ Kf5 35. Be3 Ba3 36. Bd2 Bd6 37. Bc3 Bc7 38. Bd2 Bb6 39. Bc3 g5 40. Kf1 a6 41. Kg2 Ba7 42. Bb2 b5 43. axb5 axb5 44. Bc3 Bb6 45. Kf1 Bc7 46. Kg2 Bf4 47. Kf1 Bc1 48. Ke2 Kf4 49. Bb4 Bb2 50. Bd6+ Kf5 51. Kd3 Ke6 52. Bb4 Bc1 53. Ke2 Bf4 54. Bc3 Kf5 55. Bb4 Bc7 56. Bc5 Ba5 57. Bd6 Bc3 58. Bc5 Kg6 59. Kd3 Bb2 60. Kc2 Ba1 61. Kd3 f5 62. Bb6 g4 63. hxg4 fxg4 64. fxg4 hxg4 65. Bc7 Kg7 66. Bg3 Kg6 67. Bc7 Kf5 68. Bg3 Bb2 69. Bh2 Bc1 70. Bg3 Bf4 71. Bh4 Bd6 72. Bg3 Bf4 73. Bh4 Kg6 74. Bg3 Kg5 75. Ke2 Bc1 76. Kd3 Kf5 77. Bh2 Bf4 78. Bg3 b4 79. Bh4 Bd6 80. Bg3 Be7 81. Bh2 Bh4 82. Bg3 Be7 83. Bh2 Bf8 84. Bg3 Be7 1/2-1/2


[Site "https://www.chess.com"]

[Event "Titled Tuesday Blitz August 08 Early 2023"]
[White "Jaracz, Pawel"]
[Black "Shimanov, Aleksandr"]
[WhiteFideId "1102222"]
[BlackFideId "4198603"]
[WhiteElo "2735"]
[BlackElo "2939"]
[Result "1-0"]
[Round "4"]
[TimeControl "180+1"]
[Date "2023.08.08"]
[WhiteClock "0:00:49"]
[BlackClock "0:00:08"]
[Board "16"]

1. b4 e5 2. Bb2 Bxb4 3. Bxe5 Nf6 4. e3 O-O 5. Nf3 d5 6. Be2 c5 7. c3 Ba5 8. O-O Nc6 9. Bxf6 Qxf6 10. d4 Be6 11. Qb3 b6 12. Nbd2 Rfd8 13. Rac1 Rac8 14. Qa4 h5 15. Bb5 Bd7 16. dxc5 Bxc3 17. Nb3 bxc5 18. Nxc5 Be8 19. Rfd1 g5 20. h3 Ne7 21. Bxe8 Rxe8 22. e4 g4 23. hxg4 hxg4 24. e5 Bxe5 25. Qxg4+ Ng6 26. Nd7 Qg7 27. Rxc8 Rxc8 28. Ndxe5 1-0


[Site "https://www.chess.com"]

[Event "Titled Tuesday Blitz August 08 Early 2023"]
[White "Rendle, Thomas E"]
[Black "Alekseev, Evgeny"]
[WhiteFideId "408760"]
[BlackFideId "4138147"]
[WhiteElo "2715"]
[BlackElo "2934"]
[Result "0-1"]
[Round "4"]
[TimeControl "180+1"]
[Date "2023.08.08"]
[WhiteClock "0:00:10"]
[BlackClock "0:00:18"]
[Board "17"]

1. d4 Nf6 2. c4 e6 3. g3 c5 4. d5 exd5 5. cxd5 d6 6. Nc3 g6 7. Bg2 Bg7 8. Nf3 O-O 9. O-O Nbd7 10. Bf4 Qe7 11. h3 Nh5 12. Bg5 f6 13. Bd2 f5 14. Ng5 f4 15. gxf4 Nxf4 16. Bxf4 Rxf4 17. Ne6 Rh4 18. e3 Nf6 19. Qf3 Rb8 20. Qg3 Nh5 21. Qh2 Be5 22. f4 Bxc3 23. bxc3 Bxe6 24. dxe6 Qxe6 25. Rfe1 b6 26. Rad1 Kg7 27. f5 Qxf5 28. Qxd6 Re8 29. Qd7+ Qxd7 30. Rxd7+ Kh6 31. Rxa7 Rc4 32. Ra3 Nf4 33. Rb3 Nxg2 34. Kxg2 Re6 35. Kf3 Rh4 36. Kg3 Ra4 37. Re2 Kh5 38. Kf3 Kh4 39. Reb2 Ra6 40. Rb1 g5 41. e4 h5 42. e5 Rxe5 43. Rxb6 Rxa2 44. c4 Ra3+ 45. Kf2 Rxh3 46. Rd6 g4 47. Rd5 Rxd5 48. cxd5 Rd3 0-1


[Site "https://www.chess.com"]

[Event "Titled Tuesday Blitz August 08 Early 2023"]
[White "Muradli, Mahammad"]
[Black "Alex_Sahakyan2006"]
[WhiteFideId "13409301"]
[WhiteElo "2926"]
[BlackElo "2709"]
[Result "0-1"]
[Round "4"]
[TimeControl "180+1"]
[Date "2023.08.08"]
[WhiteClock "0:00:00"]
[BlackClock "0:00:12"]
[Board "18"]

1. e4 e5 2. Nf3 Nc6 3. Bb5 a6 4. Ba4 Nf6 5. d3 d6 6. O-O g6 7. c3 Bg7 8. h3 O-O 9. Re1 Bd7 10. Bc2 Re8 11. a3 d5 12. Nbd2 h6 13. b4 dxe4 14. dxe4 Be6 15. Bb3 Qd3 16. Bb2 Rad8 17. Bxe6 Rxe6 18. Re3 Qd7 19. Qc2 Rd6 20. Nc4 Rd1+ 21. Re1 Rxa1 22. Bxa1 Nh5 23. Ne3 Nf4 24. Rd1 Qe6 25. Rxd8+ Nxd8 26. c4 Qd6 27. c5 Qe6 28. Qd2 Nc6 29. Nd5 g5 30. Bb2 Kh7 31. Kh2 Qg6 32. g3 Qxe4 33. gxf4 Qxf3 34. fxg5 hxg5 35. Nxc7 Nd4 36. Qe3 Qc6 37. Na8 Nf3+ 38. Kg3 Nh4 39. Qxg5 Qf3+ 40. Kh2 Qxf2+ 41. Kh1 Qf1+ 42. Qg1 Qxh3+ 43. Qh2 Qf1+ 44. Qg1 Qh3+ 45. Qh2 Qf3+ 46. Kg1 Qg4+ 47. Kf2 e4 48. Bxg7 Kxg7 49. Qg3 Qxg3+ 50. Kxg3 e3 51. Nb6 f5 52. Nd5 Ng6 53. Kf3 f4 54. a4 Kf7 55. b5 axb5 56. axb5 Ke6 57. Nc3 Ke5 58. c6 bxc6 59. b6 Kd6 60. Ne4+ Kd7 61. Nc5+ Kc8 62. Ke2 Ne5 63. Ne6 f3+ 64. Kxe3 Kb7 65. Nf4 Kxb6 66. Ne6 c5 67. Nf4 Kc6 68. Nh3 Kd5 69. Nf4+ Kc4 70. Ke4 f2 71. Ng2 Ng4 0-1


[Site "https://www.chess.com"]

[Event "Titled Tuesday Blitz August 08 Early 2023"]
[White "Zakhartsov, Vladimir"]
[Black "Hoang, Thi Bao Tram"]
[WhiteFideId "4145097"]
[BlackFideId "12401102"]
[WhiteElo "2913"]
[BlackElo "2709"]
[Result "1-0"]
[Round "4"]
[TimeControl "180+1"]
[Date "2023.08.08"]
[WhiteClock "0:00:53"]
[BlackClock "0:00:40"]
[Board "19"]

1. d4 d5 2. c4 c6 3. Nf3 Nf6 4. Nc3 g6 5. cxd5 Nxd5 6. e4 Nb6 7. h3 Bg7 8. Be3 O-O 9. Be2 Be6 10. O-O Bc4 11. b3 Bxe2 12. Qxe2 N8d7 13. Rfd1 e6 14. Rac1 Rc8 15. e5 Nd5 16. Ne4 h6 17. Nd6 Rc7 18. Bd2 N7b6 19. a4 Nc8 20. Ne4 Qe7 21. Ba5 Ndb6 22. Qe1 Rd8 23. Bb4 Qe8 24. Nh2 Rd5 25. Ng4 Nd7 26. Ne3 Ndb6 27. a5 Nd7 28. Nxd5 exd5 29. Nd6 Qe6 30. Nb5 cxb5 31. Rxc7 Nb8 32. Rdc1 Nc6 33. a6 1-0


[Site "https://www.chess.com"]

[Event "Titled Tuesday Blitz August 08 Early 2023"]
[White "Jones, Gawain C B"]
[Black "Timerkhanov, Alexander"]
[WhiteFideId "409561"]
[BlackFideId "24177938"]
[WhiteElo "2905"]
[BlackElo "2653"]
[Result "1-0"]
[Round "4"]
[TimeControl "180+1"]
[Date "2023.08.08"]
[WhiteClock "0:00:30"]
[BlackClock "0:00:00"]
[Board "20"]

1. Nf3 d5 2. c4 c6 3. g3 Nf6 4. Bg2 Bg4 5. cxd5 cxd5 6. Ne5 Bf5 7. Qa4+ Nbd7 8. Nc3 e6 9. g4 Bg6 10. h4 h6 11. g5 hxg5 12. hxg5 Rxh1+ 13. Bxh1 Nh5 14. d4 Bf5 15. e4 dxe4 16. Nxe4 f6 17. Bf3 fxe5 18. Bxh5+ g6 19. Nf6+ Ke7 20. Bd2 Nxf6 21. gxf6+ Kf7 22. Bf3 Qxd4 23. Qb5 Rd8 24. Bc3 Qd7 25. Qxe5 Bd6 26. Qe3 Bf8 27. Rd1 Qc7 28. Rxd8 Qxd8 29. Qxa7 Qc7 30. Qxb7 Qxb7 31. Bxb7 Bd6 32. a4 e5 33. a5 Kxf6 34. a6 Bc5 35. f4 Ba7 36. Bxe5+ Ke6 37. Bc8+ Kd5 38. Bxf5 gxf5 39. Ke2 Kc4 40. Kf3 Kb5 41. Kg3 Kxa6 42. Kh4 Kb5 43. Kg5 Kc6 44. Kxf5 Kd7 45. Kg6 Ke6 46. Bc3 Ke7 47. Bb4+ Ke8 48. f5 Bd4 49. f6 1-0


[Site "https://www.chess.com"]

[Event "Titled Tuesday Blitz August 08 Early 2023"]
[White "Aravindh, Chithambaram VR."]
[Black "Vaibhav Jayant Raut"]
[WhiteFideId "5072786"]
[BlackFideId "5089034"]
[WhiteElo "2894"]
[BlackElo "2614"]
[Result "1-0"]
[Round "4"]
[TimeControl "180+1"]
[Date "2023.08.08"]
[WhiteClock "0:00:16"]
[BlackClock "0:00:00"]
[Board "21"]

1. c4 b6 2. b3 Bb7 3. Bb2 Nf6 4. Nf3 e6 5. e3 Be7 6. Nc3 O-O 7. Be2 d5 8. O-O Nbd7 9. d4 c5 10. cxd5 Nxd5 11. Nxd5 Bxd5 12. Rc1 Bb7 13. Qd2 cxd4 14. Nxd4 Nc5 15. Rfd1 Bf6 16. f3 Qe7 17. e4 Bg5 18. Qc3 Bf6 19. Qe3 Bg5 20. f4 Bh6 21. Bf3 Rfd8 22. e5 Bxf3 23. Qxf3 Rd5 24. Nf5 Qd7 25. Rxd5 exd5 26. Nxh6+ gxh6 27. f5 Re8 28. Qg3+ Kf8 29. f6 Ne6 30. Ba3+ 1-0


[Site "https://www.chess.com"]

[Event "Titled Tuesday Blitz August 08 Early 2023"]
[White "Zavgorodniy, Sergiy"]
[Black "Galchenko, Matvey"]
[WhiteFideId "14110148"]
[BlackFideId "24175480"]
[WhiteElo "2607"]
[BlackElo "2881"]
[Result "0-1"]
[Round "4"]
[TimeControl "180+1"]
[Date "2023.08.08"]
[WhiteClock "0:00:00"]
[BlackClock "0:00:12"]
[Board "22"]

1. e4 e6 2. d3 d5 3. Qe2 Nf6 4. Nf3 c5 5. g3 Nc6 6. Bg2 Be7 7. e5 Nd7 8. c4 O-O 9. h4 b5 10. cxd5 exd5 11. O-O Nb6 12. Bf4 Bg4 13. Qd2 Re8 14. Nc3 b4 15. Nb5 a6 16. Nd6 Bxd6 17. exd6 Bxf3 18. Bxf3 Nd4 19. Bd1 Nd7 20. Rc1 Rc8 21. Kg2 Ne5 22. Re1 Qxd6 23. Ba4 Nb5 24. d4 Nxd4 25. Bxe8 Rxe8 26. Bxe5 Rxe5 27. Rxe5 Qxe5 28. Re1 Qb8 29. Qf4 Qa8 30. Qd6 Ne6 31. f4 d4+ 32. Kh2 g6 33. f5 gxf5 34. Rf1 Qe4 35. Qb8+ Kg7 0-1


[Site "https://www.chess.com"]

[Event "Titled Tuesday Blitz August 08 Early 2023"]
[White "Bernadskiy, Vitaliy"]
[Black "LangesNasenhaar"]
[WhiteFideId "14100371"]
[WhiteElo "2876"]
[BlackElo "2558"]
[Result "1-0"]
[Round "4"]
[TimeControl "180+1"]
[Date "2023.08.08"]
[WhiteClock "0:00:29"]
[BlackClock "0:00:00"]
[Board "23"]

1. d4 g6 2. e4 Bg7 3. c3 c6 4. Nf3 d5 5. e5 Bg4 6. Nbd2 c5 7. h3 Bxf3 8. Nxf3 Nc6 9. Bb5 cxd4 10. Bxc6+ bxc6 11. cxd4 e6 12. O-O Ne7 13. b3 Qa5 14. Bd2 Qb6 15. Rc1 O-O 16. Bg5 Rfe8 17. Qd2 Rac8 18. Rc5 Nf5 19. g4 Ne7 20. Rfc1 Rc7 21. Bf6 Bf8 22. Qf4 Nc8 23. h4 Qa6 24. Qd2 Qb7 25. Kg2 Nb6 26. h5 Nd7 27. b4 Nxc5 28. dxc5 Rb8 29. a3 a5 30. Ng5 axb4 31. Nxh7 Kxh7 32. Rh1 g5 33. Qd3+ Kg8 34. h6 1-0


[Site "https://www.chess.com"]

[Event "Titled Tuesday Blitz August 08 Early 2023"]
[White "Firouzja, Alireza"]
[Black "Czerw, Dawid"]
[WhiteFideId "12573981"]
[BlackFideId "1145746"]
[WhiteElo "3090"]
[BlackElo "2586"]
[Result "1-0"]
[Round "4"]
[TimeControl "180+1"]
[Date "2023.08.08"]
[WhiteClock "0:02:09"]
[BlackClock "0:00:05"]
[Board "24"]

1. e4 c5 2. Nf3 Nc6 3. Bb5 e6 4. O-O Nge7 5. Re1 b6 6. Nc3 Bb7 7. d4 cxd4 8. Nxd4 Nxd4 9. Qxd4 Nc6 10. Bxc6 dxc6 11. Qe5 Qb8 12. Qg5 h6 13. Qg4 e5 14. Be3 Bc8 15. Qg3 Be6 16. Rad1 g6 17. f4 exf4 18. Bxf4 Qb7 19. Be5 Rg8 20. Bf6 Be7 21. e5 Bxf6 22. exf6 g5 23. Qd6 Rc8 24. Rxe6+ fxe6 25. Qxe6+ 1-0


[Site "https://www.chess.com"]

[Event "Titled Tuesday Blitz August 08 Early 2023"]
[White "Gan-Od, Sereenen"]
[Black "Le, Tuan Minh"]
[WhiteFideId "4901304"]
[BlackFideId "12401153"]
[WhiteElo "2780"]
[BlackElo "2962"]
[Result "0-1"]
[Round "4"]
[TimeControl "180+1"]
[Date "2023.08.08"]
[WhiteClock "0:00:00"]
[BlackClock "0:00:59"]
[Board "25"]

1. d4 d5 2. c4 c6 3. Nc3 Nf6 4. e3 a6 5. Nf3 Bf5 6. b3 e6 7. Bd3 Bg6 8. O-O Nbd7 9. Bb2 Bd6 10. Qc2 O-O 11. e4 dxe4 12. Nxe4 Nxe4 13. Bxe4 a5 14. Rad1 Re8 15. Bxg6 hxg6 16. Ne5 Qc7 17. f4 Nf6 18. Rd3 a4 19. c5 Be7 20. b4 Red8 21. a3 Rd5 22. Rh3 Nd7 23. Qf2 b5 24. Re1 Rd8 25. Qg3 Nf8 26. Qf3 Bf6 27. Re4 g5 28. fxg5 Bxe5 29. dxe5 Rd1+ 30. Kf2 R8d2+ 31. Re2 Qd7 32. Bc3 Rxe2+ 33. Qxe2 Ng6 34. Rf3 Nh4 35. Rf4 Nf5 36. g4 Ne7 37. Be1 Ng6 38. Re4 Rd3 39. Re3 Rd4 40. Bc3 Rf4+ 41. Ke1 Qd5 42. Rd3 Qh1+ 43. Kd2 Qg1 44. Qe3 Rf2+ 0-1


[Site "https://www.chess.com"]

[Event "Titled Tuesday Blitz August 08 Early 2023"]
[White "Sjugirov, Sanan"]
[Black "Aradhya, Garg"]
[WhiteFideId "4189302"]
[BlackFideId "25006746"]
[WhiteElo "2922"]
[BlackElo "2765"]
[Result "1-0"]
[Round "4"]
[TimeControl "180+1"]
[Date "2023.08.08"]
[WhiteClock "0:00:11"]
[BlackClock "0:00:06"]
[Board "26"]

1. e4 e5 2. Nf3 Nc6 3. Bb5 a6 4. Ba4 Nge7 5. O-O Ng6 6. Bb3 Be7 7. d4 d6 8. h3 O-O 9. c3 Bf6 10. Re1 Re8 11. Na3 h6 12. Bc2 b5 13. d5 Nb8 14. Bd3 c6 15. c4 Nf4 16. Bf1 b4 17. Nc2 a5 18. a3 b3 19. Ne3 a4 20. Ng4 Bd7 21. g3 Ng6 22. Be3 Na6 23. Rc1 Rc8 24. Qd2 Nc5 25. Bxc5 dxc5 26. Ne3 Qb6 27. Red1 Qb7 28. Qa5 Bd8 29. Qc3 Qa7 30. h4 Ba5 31. Qd3 Nf8 32. Kh2 Qa6 33. Bh3 Bxh3 34. Kxh3 Nd7 35. Kg2 Nf6 36. Nh2 cxd5 37. cxd5 Qxd3 38. Rxd3 Nxe4 39. Rc4 Nd6 40. Rxa4 c4 41. Rd1 Bb6 42. Nhf1 Bd4 43. Rd2 c3 44. bxc3 Bxc3 45. Rd1 b2 46. Rb1 Bd4 47. Rb4 Rc1 48. R1xb2 Bxb2 49. Rxb2 Rc3 50. Rb6 Nc4 51. Nxc4 Rxc4 52. Ne3 Rd4 53. Ra6 Rd8 54. a4 f6 55. a5 Kh7 56. Ra7 R8xd5 57. Nxd5 Rxd5 58. h5 e4 59. g4 Rg5 60. Kh3 f5 61. a6 Rxg4 62. Rf7 Rf4 63. a7 Rf3+ 64. Kg2 Ra3 65. Kf1 f4 66. Kg2 e3 67. fxe3 fxe3 68. Kf3 Kg8 69. Rd7 Kh7 70. Ke2 Ra4 71. Re7 Ra5 72. Kxe3 Ra3+ 73. Kd4 Ra4+ 74. Kc5 Ra1 75. Kb6 Rb1+ 76. Kc7 Ra1 77. Kb8 Rb1+ 78. Rb7 Rf1 79. a8=Q Rf8+ 80. Ka7 Rxa8+ 81. Kxa8 Kg8 82. Ka7 Kf8 83. Kb6 Kg8 84. Kc5 Kf8 85. Kd5 Kg8 86. Ke6 Kh8 87. Kf5 Kh7 88. Rc7 Kg8 89. Kg6 Kh8 90. Rc8# 1-0


[Site "https://www.chess.com"]